cohdb
Replays
Latest Replays
All Replays
Popular Replays
Top Player Replays
Match Explorer
How It Works
Community
CoH3 Stats
Reddit
Sign in to upload your games and track your stats! →
Sign in with Steam
Match 45935236
Unlisted
Match 45935236
Overview
Messages
Build Orders
End
Vickers Machine Gun Team
Vickers Machine Gun Team
Construct Section Command Post
Infantry Section
Grenade Package
Selects Air and Sea Battlegroup
Selects Supply Surplus
Construct Field Infirmary
Forward Retreat Point
Construct Platoon Command Post
Unlock Bishop Self-propelled Artillery
Bishop Self-propelled Artillery
Construct Resource Cache
Team Weapon Training
Construct Company Command Post
Selects Commando Section Paradrop
Selects M1 Pack Howitzer Paradrop
Selects UNKNOWN (223837)
Centaur IV Medium Tank
Infantry Training
Royal Engineer Section
Light Vehicle Training
Centaur IV Medium Tank
Unlock Towed 17-pounder Anti-tank Guns
Foot Guards Section
Unlock M3 Grant Medium Tanks
Armored Vehicle Training
M3 Grant Medium Tank
Salva99
Thank You Chef
Frog
Kray-Tos
Sierra
JoSemSem
drawkcab™
CHOcho
0
0
Comments
sign in to comment!
No comments posted yet!